Map: King Sejong Station LE

Players

viOLet

  • Race: Zerg Zerg

ByuN - Winner!

  • Race: Terran Terran

Event: 2016 WCS Global Finals

VOD

https://youtu.be/9BmacZSNuck

Description

Time

  • Played on: Oct. 28, 2016, 11:55 a.m.
  • Length: 7:10

All games in this series

Show
View Real Time Build Order
Export as new Build Order

viOLet Zerg 

Build Orders: Hatch First 

Get SALT Encoding   

  12  0:00  Drone  
  13  0:12  Overlord  
  13  0:17  Drone  
  14  0:31  Drone x2  
  14  0:34  Drone  
  17  0:52  Hatchery  
  17  0:55  Drone  
  17  0:57  Drone  
  18  1:08  Extractor  
  17  1:14  Spawning Pool  
  17  1:16  Drone  
  17  1:19  Drone  
  18  1:27  Drone  
  19  1:39  Overlord  
  19  1:51  Drone  
  20  2:00  Queen  
  23  2:01  Zergling x2  
  23  2:03  Queen  
  23  2:04  Zergling x2  
  26  2:11  Metabolic Boost  
  26  2:13  Drone  
  26  2:15  Drone  
  28  2:21  Drone  
  29  2:26  Drone  
  30  2:36  Queen  
  32  2:39  Queen, Drone  
  35  2:45  Overlord  
  35  2:49  Overlord  
  35  2:54  Drone  
  36  3:01  Overlord  
  36  3:05  Drone  
  36  3:06  Drone  
  36  3:08  Drone x2  
  36  3:09  Drone  
  36  3:11  Drone  
  42  3:15  Drone x2  
  42  3:18  Drone  
  45  3:29  Drone x2  
  45  3:31  Pneumatized Carapace  
  47  3:40  Hatchery  
  46  3:47  Evolution Chamber  
  45  3:49  Drone x2  
  45  3:50  Drone x3  
  50  3:55  Drone  
  50  3:56  Drone  
  50  4:01  Overlord  
  50  4:02  Drone x2  
  53  4:05  Drone  
  53  4:09  Evolution Chamber  
  52  4:15  Zerg Ground Armor Level 1  
  52  4:19  Zergling x12  
  58  4:29  Drone x4  
  58  4:30  Extractor  
  61  4:34  Overlord  
  61  4:40  Drone  
  62  4:47  Zergling x2  
  63  4:54  Zergling x6  
  63  4:55  Overlord x4  
  63  4:57  Lair  
  66  5:01  Zergling x2  
  65  5:08  Zergling x4  
  65  5:11  Zergling x2  
  68  5:15  Zergling x2  
  69  5:22  Zergling x2  
  69  5:23  Zergling x6  
  72  5:29  Zergling x4  
  72  5:32  Zergling x4  
  72  5:39  Zergling x8  
  76  5:43  Hatchery  
  76  5:46  Zergling x2  
  76  5:47  Zergling x4  
  64  5:50  Zergling x4  
  64  5:51  Queen  
  64  5:52  Queen  
  70  6:00  Zergling x16  
  70  6:01  Baneling Nest  
  71  6:04  Zergling x2  
  71  6:05  Zergling x2  
  71  6:10  Zergling x2  
  72  6:17  Zergling x2  
  72  6:18  Zergling x6  
  76  6:29  Zergling x2  
  76  6:30  Queen x2  
  79  6:33  Zergling x6  
  79  6:38  Zergling x2  
  79  6:39  Zergling x4  
  78  6:46  Zergling x2  
  79  6:50  Zergling x4  
  79  6:52  Baneling x3  
Show
View Real Time Build Order
Export as new Build Order

ByuN Terran - Winner!

Build Orders: Reaper Expand, MMM Bio 

Get SALT Encoding   

  12  0:00  SCV  
  13  0:12  SCV  
  14  0:17  Supply Depot  
  14  0:25  SCV  
  15  0:38  SCV  
  15  0:39  Barracks  
  16  0:43  Refinery  
  16  0:50  SCV  
  17  1:02  SCV  
  18  1:15  SCV  
  19  1:26  Reaper  
  19  1:27  Orbital Command  
  20  1:39  Command Center  
  20  1:50  Barracks  
  20  1:52  SCV  
  21  1:59  Barracks Reactor  
  21  2:02  Supply Depot  
  21  2:06  SCV  
  22  2:12  Refinery  
  22  2:19  SCV  
  23  2:24  Factory  
  23  2:31  SCV  
  23  2:35  Marine  
  23  2:36  Marine  
  26  2:40  Barracks Tech Lab  
  26  2:43  SCV  
  27  2:51  Orbital Command  
  27  2:55  SCV  
  28  2:58  Stimpack  
  28  2:59  Marine  
  28  3:00  Marine  
  28  3:03  Marine  
  31  3:18  SCV x2, Starport  
  33  3:20  Factory Reactor  
  33  3:26  Marine x3  
  36  3:30  SCV x2  
  38  3:37  Supply Depot  
  38  3:42  SCV x2  
  38  3:47  Marine x3  
  43  3:53  Supply Depot  
  43  3:54  SCV  
  43  3:55  SCV  
  44  4:05  Marine x3  
  44  4:06  SCV  
  44  4:07  SCV  
  49  4:11  Medivac x2  
  49  4:16  Engineering Bay  
  53  4:18  SCV  
  53  4:19  SCV  
  53  4:21  Refinery  
  55  4:25  Factory Tech Lab  
  55  4:26  Supply Depot  
  55  4:27  Marine  
  55  4:28  Marine  
  55  4:30  Marine  
  58  4:34  SCV x2  
  60  4:39  Supply Depot  
  60  4:45  Marine  
  60  4:46  Marine  
  60  4:48  Terran Infantry Weapons Level 1  
  60  4:50  Supply Depot, Siege Tank  
  65  4:53  Marine  
  65  4:58  SCV x2  
  67  5:10  Marine, SCV  
  67  5:11  Marine x2  
  67  5:12  SCV  
  71  5:22  SCV  
  71  5:23  Combat Shields, Siege Tank  
  71  5:24  SCV  
  71  5:25  Supply Depot  
  76  5:28  Marine x2  
  76  5:29  Marine  
  76  5:34  SCV  
  80  5:40  Medivac  
  80  5:41  Medivac  
  84  5:46  Marine x3  
  84  5:53  Supply Depot  
  82  6:04  Marine x3  
  82  6:11  Command Center  
  85  6:17  Factory Reactor  
  85  6:20  Barracks  
  85  6:22  Marine x3  
  88  6:28  SCV x2  
  90  6:33  Barracks  
  90  6:34  Barracks  
  90  6:39  Marine  
  86  6:40  Marine x2, SCV x2  
  95  6:51  Supply Depot  
  95  6:52  SCV x2  
Tags
 
Add a new tag
Caveats
  • Supply blocks, unpowered buildings, or Contaminate may cause inaccurate times.
  • Supply counts are checked every 10 seconds.